 Seeded DCSS version 0.28.0-43-g3370ac3207 (webtiles) character file.

Game seed: 9871404364189446373 (custom seed)

1866 croobank the Chopper (level 9, -17/79 HPs)
             Began as a Hill Orc Fighter on Mar 25, 2022.
             Was a Follower of Beogh.
             Demolished by an ogre
             ... wielding a +0 giant club
              (23 damage)
             ... on level 6 of the Dungeon.
             The game lasted 00:16:25 (5564 turns).

croobank the Chopper (Hill Orc Fighter)             Turns: 5564, Time: 00:16:25

Health: -17/79     AC: 14    Str: 23    XL:     9   Next: 13%
Magic:  13/13      EV:  7    Int:  8    God:    Beogh [*.....]
Gold:   320        SH:  5    Dex: 10    Spells: 8/8 levels left

rFire   . . .      SeeInvis .   a - +0 war axe
rCold   . . .      Faith    .   c - +0 buckler
rNeg    + . .      Spirit   .   x - +0 chain mail
rPois   .          Reflect  .   (no helmet)
rElec   .          Harm     .   (no cloak)
rCorr   .          Rampage  .   (no gloves)
Will    .....                   (no boots)
Stlth   ..........              (no amulet)
HPRegen 0.23/turn               z - +4 ring of protection
MPRegen 0.13/turn               b - ring of positive energy

@: no status effects
A: no striking features
a: Renounce Religion


You were on level 6 of the Dungeon.
You worshipped Beogh.
Beogh was aware of your devotion.
You visited 1 branch of the dungeon, and saw 6 of its levels.
You also visited: Sewer.

You collected 320 gold pieces.

Inventory:

Hand Weapons
 a - a +0 war axe (weapon)
Missiles
 e - 139 stones
 g - 133 arrows
 o - 3 poisoned darts (quivered)
 r - 90 sling bullets
Armour
 c - a +0 buckler (worn)
 x - a +0 chain mail (worn)
Jewellery
 b - a ring of positive energy (right hand)
 u - a ring of protection from cold
 z - a +4 ring of protection (left hand)
Scrolls
 h - 6 scrolls of teleportation {teleport, unknown}
 i - 2 scrolls of immolation {immolation, unknown}
 j - 5 scrolls of amnesia {amnesia, unknown}
 k - a scroll of holy word {holy word, unknown}
 m - 3 scrolls of identify {identify, unknown}
 s - a scroll of torment {torment, unknown}
 v - a scroll of enchant weapon {enchant weapon, unknown}
 w - a scroll of noise {noise, unknown}
 y - a scroll of fog {unknown}
Potions
 d - a potion of haste
 f - 2 potions of curing {curing}
 l - a potion of ambrosia {ambrosia, unknown}
 p - 2 potions of attraction {attraction, unknown}
 t - a potion of flight {flight, unknown}


   Skills:
 + Level 7.2 Fighting
 + Level 7.3 Axes
 + Level 6.5 Armour
 + Level 6.6 Shields
 + Level 6.2 Invocations


You had 8 spell levels left.
You didn't know any spells.
Your spell library contained the following spells:

 Spells                   Type           Power      Damage    Failure   Level
 Beastly Appendage        Tmut           0%         N/A       98%         1
 Freeze                   Ice            0%         1d3       98%         1
 Sting                    Tmut/Pois      0%         1d3       98%         1
 Poisonous Vapours        Pois/Air       0%         N/A       99%         2
 Wereblood                Tmut           0%         N/A       99%         2
 Frozen Ramparts          Ice            0%         1d2       100%        3
 Ignite Poison            Fire/Tmut/Pois 0%         N/A       100%        3
 Mephitic Cloud           Conj/Pois/Air  0%         N/A       100%        3
 Spider Form              Tmut/Pois      0%         N/A       100%        3
 Hailstorm                Conj/Ice       0%         3d3       100%        4
 Olgreb's Toxic Radiance  Pois           0%         N/A       100%        4
 Freezing Cloud           Conj/Ice/Air   0%         6-21      100%        5


Dungeon Overview and Level Annotations

Branches:
Dungeon (6/15)              Sewer (visited)
 Temple: D:4-7

Altars:


Message History

You slash the killer bee!
The killer bee is almost dead.
The killer bee stings you but does no damage.
The killer bee closely misses you.
The killer bee stings you but does no damage.
You closely miss the killer bee.
The killer bee is almost dead.
The killer bee stings you but does no damage.
The killer bee barely misses you.
You hit the killer bee.
You kill the killer bee!
Beogh accepts your kill. What are your orders? t - Shout!
Orders for allies: a - Attack new target. r - Retreat! s - Stop attacking. g - Guard the area. f - Follow me.
Anything else - Cancel.
You shout for attention!
You hear an angry hiss.
You hear a shout!
An ogre comes into view. It is wielding a +0 giant club.
The ogre hits you with a +0 giant club!
You hit the ogre but do no damage.
The ogre hits you with a +0 giant club!!
You completely miss the ogre.
An iguana comes into view.
The ogre hits you with a +0 giant club!!
You slash the ogre!
The ogre is moderately wounded.
The ogre barely misses you.
You barely miss the ogre.
The ogre is moderately wounded.
You slash the ogre!
The ogre is severely wounded.
The ogre hits you with a +0 giant club!!
* * * LOW HITPOINT WARNING * * *
You hit the ogre but do no damage.
The ogre is severely wounded.
You completely miss the iguana.
The ogre hits you with a +0 giant club!!
You die...

#.....###...###....
#...#.# #.#.# #.#.. #
#.....##.#.#.##....
......###..#.#.#..###.
....##.#)..#.# #.#.. #.
#.......###..#.#.#..###.
#... ##....##.#.#.##. ..
#....##..#.# #.#.# #..
#....'O@l..###...# ...
#....#..###...#.#. ###.
#### #..# #.#.# # # #...
#.. # .... ....
.#.#####... #.#. .#.# #
## .#.# .. .


You could see an ogre and an iguana.

Vanquished Creatures
  Pikel (D:5)
  Menkaure (D:5)
  3 water moccasins
  A black bear (D:4)
  2 ogres
  A necrophage (D:6)
  A centaur (D:5)
  3 lemures (D:6)
  A scorpion (D:5)
  2 water moccasin skeletons (D:6)
  A killer bee (D:6)
  A centaur zombie (D:6)
  A hound (D:6)
  2 iguanas (D:5)
  Ijyb (D:5)
  2 orc wizards (D:5)
  2 adders
  2 river rats (D:5)
  A shadow imp (D:6)
  A white imp (D:5)
  An ufetubus (D:6)
  2 adder skeletons (D:4)
  A worm (D:2)
  2 dart slugs
  8 orcs
  8 ball pythons
  12 endoplasms
  7 goblins
  3 hobgoblins
  7 jackals (D:4)
  3 quokkas
  12 bats
  3 frilled lizards
  2 kobolds
  2 rats (D:2)
103 creatures vanquished.

Vanquished Creatures (others)
  A goblin (D:3)
1 creature vanquished.

Grand Total: 104 creatures vanquished

Notes
Turn   | Place    | Note
-------+----------+-------------------------------------------
     0 | D:1      | croobank the Hill Orc Fighter began the quest for the Orb.
     0 | D:1      | Reached XP level 1. HP: 19/19 MP: 1/1
    98 | D:1      | Reached XP level 2. HP: 16/27 MP: 2/2
   932 | D:2      | Reached XP level 3. HP: 33/33 MP: 3/3
  1523 | D:3      | Became a worshipper of Beogh the Brigand
  1632 | D:3      | Reached XP level 4. HP: 40/40 MP: 4/4
  1996 | D:4      | Reached skill level 1 in Invocations
  2010 | D:4      | Noticed an ogre
  2015 | D:4      | Noticed a black bear
  2018 | D:4      | Killed an ogre
  2019 | D:4      | Reached XP level 5. HP: 38/47 MP: 4/6
  2026 | D:4      | Killed a black bear
  2027 | D:4      | Reached XP level 6. HP: 38/55 MP: 5/7
  2220 | D:4      | Reached * piety under Beogh
  2559 | D:5      | Entered Level 5 of the Dungeon
  2564 | D:5      | Noticed a water moccasin
  2591 | D:5      | Reached skill level 5 in Fighting
  2604 | D:5      | Killed a water moccasin
  2605 | D:5      | Reached skill level 5 in Axes
  2605 | D:5      | Reached XP level 7. HP: 28/61 MP: 9/9
  2864 | D:5      | Found a glowing drain.
  2891 | D:5      | Reached skill level 5 in Shields
  2902 | Sewer    | Entered a sewer
  3116 | Sewer    | Reached skill level 5 in Armour
  3373 | D:5      | Noticed Menkaure
  3386 | D:5      | Killed Menkaure
  3395 | D:5      | Reached XP level 8. HP: 29/70 MP: 11/11
  4330 | D:5      | Noticed Ijyb
  4340 | D:5      | Killed Ijyb
  4527 | D:5      | Reached skill level 5 in Invocations
  5006 | D:5      | Noticed Pikel
  5026 | D:5      | Killed Pikel
  5353 | D:6      | Reached XP level 9. HP: 77/79 MP: 13/13
  5535 | D:6      | Identified the +1 hunting sling of Fear {vorpal, +Blink
                  | rElec MP-9 SInv}
  5564 | D:6      | Demolished by an ogre

Illustrated notes

Levels and vault maps discovered:
D:1:      onia_arrival_mini_maze_b, layout_basic, bh_walls_and_bars
D:2:      layout_basic, serial_glass, glass_columns_c, glass_columns_b,
          nrook_campfire, minmay_tripent
D:3:      layout_basic, minmay_misc_feat_encased
D:4:      layout_cave_pools
D:5:      layout_basic, cheibrodos_sewer_entry_sluice, uniq_ijyb, uniq_pikel,
          uniq_menkaure
D:6:      cheibrodos_fzero, layout_basic, mainiacjoe_overflow_tiny_flanked,
          nicolae_specific_store, minmay_starry_boxes

Skill      XL: |  1  2  3  4  5  6  7  8  9 |
---------------+----------------------------+-----
Axes           | 3 4 5 7 |  7.3
Fighting       | 4 5 6 7 |  7.2
Shields        | 4 5 6 |  6.6
Invocations    | 1 2 3 4 5 6 |  6.2
Armour         | 4 5 6 |  6.5

Action                   |  1- 3 |  4- 6 |  7- 9 || total
-------------------------+-------+-------+-------++-------
Melee: War axe           |    77 |   107 |   201 ||   385
Throw: Boomerang         |       |     4 |     2 ||     6
       Throwing net      |       |     1 |     1 ||     2
       Stone             |       |       |     2 ||     2
       Dart              |       |       |     2 ||     2
Invok: Convert to Beogh  |     1 |       |       ||     1
  Use: Potion            |       |     4 |     1 ||     5
Armor: Scale mail        |    34 |    48 |       ||    82
       Chain mail        |       |    33 |   146 ||   179
Dodge: Dodged            |    33 |    51 |    69 ||   153
Block: Buckler           |    14 |    34 |    46 ||    94
